NCAA
FLORIDA STATE SEMINOLES @ SOUTHERN CALIFORNIA TROJANS
05/30/2025
 
TOP OF THE 1ST
Florida State Seminoles batting - Pitching for Southern California Trojans : RHP Pedro Cabrera
Pitching: RHP Pedro Cabrera
Batting: RHB Art Cameron 0-0: Ball
1-0: Called Strike
1-1: Foul Ball, location: 2F
1-2: Strikes out looking
Batting: RHB Adam Davis 0-0: Called Strike
0-1: Fly out, F9 (Flyball, 89M)
Batting: LHB Richard Olvera 0-0: Ball
1-0: Foul Ball, location: 2F
1-1: Foul Ball, location: 2F
1-2: Ball
2-2: Strikes out swinging
Top of the 1st over - 0 run(s), 0 hit(s), 0 error(s), 0 left on base; Florida State 0 - Southern California 0
BOTTOM OF THE 1ST
Southern California Trojans batting - Pitching for Florida State Seminoles : RHP Daniel De Jesús
Pitching: RHP Daniel De Jesús
Batting: RHB Gabriel Erwin 0-0: Ball
1-0: Ball
2-0: Called Strike
2-1: Ground out 6-3 (Groundball, 6)
Batting: LHB Kel Smith 0-0: Ball
1-0: Foul Ball, location: 2F
1-1: Called Strike
1-2: Ball
2-2: SINGLE (Line Drive, 7S)
Batting: LHB Scot Chilson 0-0: Ball
1-0: Foul Ball, location: 2F
1-1: Fly out, F9 (Line Drive, 9M)
Batting: LHB Mike Davis 0-0: Called Strike
0-1: Ball
1-1: SINGLE (Line Drive, 4)
Kel Smith to second
Runner from 2nd tries for 3rd, SAFE, no throw or cutoff
Batting: RHB Marvin Johnson 0-0: Ground out 4-3 (Groundball, 4)
Bottom of the 1st over - 0 run(s), 2 hit(s), 0 error(s), 2 left on base; Florida State 0 - Southern California 0
TOP OF THE 2ND
Florida State Seminoles batting - Pitching for Southern California Trojans : RHP Pedro Cabrera
Batting: RHB Rusty Bennett 0-0: DOUBLE (Line Drive, 7LS)
Batting: LHB Randy Wiggins 0-0: Ball
1-0: Ball
2-0: Ground out 4-3 (Groundball, 13)
Rusty Bennett to third
Batting: RHB Aaron Duncan 0-0: Foul Ball, location: 2F
0-1: Ball
1-1: Foul Ball, location: 2F
1-2: Fly out, F7 (Flyball, 7M)
Runner from 3rd tags up, SCORES, no throw
Batting: RHB Rubén Hernández 0-0: SINGLE (Line Drive, 9LS)
Batting: RHB Elliott Bell 0-0: Ball
1-0: Ball
2-0: Called Strike
2-1: SINGLE (Line Drive, 89S)
Rubén Hernández to second
Runner from 2nd tries for 3rd, SAFE, throw made to third
Batting: RHB Larry Davis 0-0: Ground out 1-3 (Groundball, 23)
Top of the 2nd over - 1 run(s), 3 hit(s), 0 error(s), 2 left on base; Florida State 1 - Southern California 0
BOTTOM OF THE 2ND
Southern California Trojans batting - Pitching for Florida State Seminoles : RHP Daniel De Jesús
Batting: LHB Justin Holland 0-0: Ball
1-0: Ball
2-0: Called Strike
2-1: Ball
3-1: Base on Balls
Batting: RHB Mike Carter 0-0: Ball
1-0: Called Strike
1-1: Swinging Strike
1-2: Foul Ball, location: 2F
1-2: Strikes out swinging
Batting: LHB Lee Foster 0-0: Ball
1-0: Called Strike
1-1: Fly out, F8 (Flyball, 8LM)
Batting: RHB Enrico Davis 0-0: Ball
1-0: Called Strike
1-1: 2-RUN HOME RUN (Flyball, 7D), Distance : 370 ft
Batting: RHB Gabriel Erwin 0-0: Ball
1-0: Called Strike
1-1: Ground out 6-3 (Groundball, 6)
Bottom of the 2nd over - 2 run(s), 1 hit(s), 0 error(s), 0 left on base; Florida State 1 - Southern California 2
TOP OF THE 3RD
Florida State Seminoles batting - Pitching for Southern California Trojans : RHP Pedro Cabrera
Batting: RHB Art Cameron 0-0: Foul Ball, location: 2F
0-1: Ball
1-1: Ground out 6-3 (Groundball, 6)
Batting: RHB Adam Davis 0-0: Ball
1-0: SINGLE (Line Drive, 7S)
Batting: LHB Richard Olvera 0-0: Ball
1-0: Called Strike
1-1: Called Strike
1-2: Ball
2-2: Ball
3-2: DOUBLE (Line Drive, 9LS)
Adam Davis to third
Runner from 3rd tries for Home, throw and OUT!
Richard Olvera to third
Batting: RHB Rusty Bennett 0-0: Foul Ball, location: 2F
0-1: Called Strike
0-2: Ball
1-2: DOUBLE (Flyball, 89D)
Richard Olvera scores
Batting: LHB Randy Wiggins 0-0: Called Strike
0-1: Hit by Pitch
Batting: RHB Aaron Duncan 0-0: Called Strike
0-1: Ground out 5-3 (Groundball, 56S)
Top of the 3rd over - 1 run(s), 3 hit(s), 0 error(s), 2 left on base; Florida State 2 - Southern California 2
BOTTOM OF THE 3RD
Southern California Trojans batting - Pitching for Florida State Seminoles : RHP Daniel De Jesús
Batting: LHB Kel Smith 0-0: Ground out 4-3 (Groundball, 4)
Batting: LHB Scot Chilson 0-0: Foul Ball, location: 2F
0-1: DOUBLE (Flyball, 89M)
Pinch Runner at 2nd Ron Davis:
Batting: LHB Mike Davis 0-0: Called Strike
0-1: Swinging Strike
0-2: Ball
1-2: Foul Ball, location: 2F
1-2: Ball
2-2: Fly out, F7 (Flyball, 7LS)
Batting: RHB Marvin Johnson 0-0: Ball
1-0: Reached on error, E6 (Groundball, 6)
Ron Davis to third
Batting: LHB Justin Holland 0-0: Called Strike
0-1: Foul Ball, location: 2F
0-2: SINGLE (Line Drive, 89S)
Ron Davis scores
Marvin Johnson to second
Batting: RHB Mike Carter 0-0: Ball
Wild Pitch!
Marvin Johnson to third
Justin Holland to second
1-0: Ball
2-0: Ball
3-0: Called Strike
3-1: Base on Balls
Batting: LHB Lee Foster 0-0: Ball
1-0: Ball
2-0: Ball
3-0: Base on Balls
Marvin Johnson scores
Justin Holland to third
Mike Carter to second
Batting: RHB Enrico Davis 0-0: Ball
1-0: Called Strike
1-1: Fly out, F8 (Flyball, 78M)
Bottom of the 3rd over - 2 run(s), 2 hit(s), 1 error(s), 3 left on base; Florida State 2 - Southern California 4
TOP OF THE 4TH
Florida State Seminoles batting - Pitching for Southern California Trojans : RHP Pedro Cabrera
Now at 2B: Ron Davis
Batting: RHB Rubén Hernández 0-0: Ball
1-0: Called Strike
1-1: Swinging Strike
1-2: Ball
2-2: Foul Ball, location: 2F
2-2: Ball
3-2: Base on Balls
Batting: RHB Elliott Bell 0-0: Ball
1-0: Ball
2-0: Grounds into double play, 6-4-3 (Groundball, 56)
Batting: RHB Larry Davis 0-0: Ball
1-0: Called Strike
1-1: Called Strike
1-2: Ball
2-2: Strikes out swinging
Top of the 4th over - 0 run(s), 0 hit(s), 0 error(s), 0 left on base; Florida State 2 - Southern California 4
BOTTOM OF THE 4TH
Southern California Trojans batting - Pitching for Florida State Seminoles : RHP Daniel De Jesús
Batting: RHB Gabriel Erwin 0-0: Ball
1-0: Fly out, F8 (Flyball, 8LD)
Batting: LHB Kel Smith 0-0: Ball
1-0: Ball
2-0: Called Strike
2-1: Ball
3-1: Foul Ball, location: 2F
3-2: Foul Ball, location: 2F
3-2: Foul Ball, location: 2F
3-2: Foul Ball, location: 2F
3-2: Foul Ball, location: 2F
3-2: Base on Balls
Batting: RHB Ron Davis 0-0: Ball
1-0: Foul Ball, location: 2F
1-1: Ball
2-1: Foul Ball, location: 2F
2-2: Strikes out swinging
Batting: LHB Mike Davis 0-0: Ball
1-0: Ball
2-0: Ball
3-0: Swinging Strike
3-1: Foul Ball, location: 2F
3-2: Foul Ball, location: 2F
3-2: Foul Ball, location: 2F
3-2: Foul Ball, location: 2F
3-2: Strikes out swinging
Bottom of the 4th over - 0 run(s), 0 hit(s), 0 error(s), 1 left on base; Florida State 2 - Southern California 4
TOP OF THE 5TH
Florida State Seminoles batting - Pitching for Southern California Trojans : RHP Alan Foster
Pitching: RHP Alan Foster
Batting: RHB Art Cameron 0-0: Ball
1-0: Called Strike
1-1: Fly out, F8 (Flyball, 4D)
Batting: RHB Adam Davis 0-0: Called Strike
0-1: Ball
1-1: Ball
2-1: Ball
3-1: Base on Balls
Batting: LHB Richard Olvera 0-0: Ball
1-0: Ball
2-0: Ball
3-0: Called Strike
3-1: Base on Balls
Adam Davis to second
Batting: RHB Rusty Bennett 0-0: Called Strike
0-1: Swinging Strike
0-2: Strikes out looking
Batting: LHB Randy Wiggins 0-0: Foul Ball, location: 2F
0-1: Ball
1-1: Ball
2-1: Foul Ball, location: 2F
2-2: Ground out U3 (Groundball, 3L)
Top of the 5th over - 0 run(s), 0 hit(s), 0 error(s), 2 left on base; Florida State 2 - Southern California 4
BOTTOM OF THE 5TH
Southern California Trojans batting - Pitching for Florida State Seminoles : RHP Daniel De Jesús
Pitching: LHP Sam Olson
Batting: RHB Marvin Johnson 0-0: Called Strike
0-1: SOLO HOME RUN (Flyball, 7D), Distance : 370 ft
Batting: LHB Justin Holland 0-0: Ground out 5-3 (Groundball, 5L)
Batting: RHB Mike Carter 0-0: Ground out 5-3 (Groundball, 5S)
Batting: LHB Lee Foster 0-0: Fly out, F5 (Popup, 5DF)
Bottom of the 5th over - 1 run(s), 1 hit(s), 0 error(s), 0 left on base; Florida State 2 - Southern California 5
TOP OF THE 6TH
Florida State Seminoles batting - Pitching for Southern California Trojans : RHP Alan Foster
Batting: RHB Aaron Duncan 0-0: Ball
1-0: Foul Ball, location: 2F
1-1: Called Strike
1-2: Foul Ball, location: 2F
1-2: Strikes out looking
Batting: RHB Rubén Hernández 0-0: Called Strike
0-1: Swinging Strike
0-2: Ball
1-2: Foul Ball, location: 2F
1-2: Foul Ball, location: 2F
1-2: Ball
2-2: Foul Ball, location: 2F
2-2: Strikes out swinging
Batting: RHB Elliott Bell 0-0: Foul Ball, location: 2F
0-1: Called Strike
0-2: Ball
1-2: Ball
2-2: Ball
3-2: Base on Balls
Batting: RHB Larry Davis 0-0: Called Strike
0-1: Foul Ball, location: 2F
0-2: Ball
1-2: Foul Ball, location: 2F
1-2: Ball
2-2: Ground out 4-3 (Groundball, 4)
Top of the 6th over - 0 run(s), 0 hit(s), 0 error(s), 1 left on base; Florida State 2 - Southern California 5
BOTTOM OF THE 6TH
Southern California Trojans batting - Pitching for Florida State Seminoles : LHP Sam Olson
Batting: RHB Enrico Davis 0-0: Called Strike
0-1: Ball
1-1: Ball
2-1: Swinging Strike
2-2: Ball
3-2: Base on Balls
Batting: RHB Gabriel Erwin 0-0: SINGLE (Line Drive, 7S)
Enrico Davis to second
Batting: LHB Kel Smith 0-0: Ball
1-0: Ball
2-0: Ball
3-0: Called Strike
3-1: Base on Balls
Enrico Davis to third
Gabriel Erwin to second
Batting: RHB Ron Davis 0-0: Called Strike
0-1: Swinging Strike
0-2: Strikes out swinging
Batting: LHB Mike Davis 0-0: Called Strike
0-1: Ball
1-1: Foul Ball, location: 2F
1-2: Ball
2-2: SINGLE (Line Drive, 5D)
Enrico Davis scores
Gabriel Erwin to third
Kel Smith to second
Batting: RHB Marvin Johnson 0-0: Called Strike
0-1: Swinging Strike
0-2: Ball
1-2: Foul Ball, location: 2F
1-2: Ball
2-2: Ball
3-2: Strikes out swinging
Batting: LHB Justin Holland 0-0: Called Strike
0-1: Ball
1-1: Ball
2-1: Called Strike
2-2: Strikes out looking
Bottom of the 6th over - 1 run(s), 2 hit(s), 0 error(s), 3 left on base; Florida State 2 - Southern California 6
TOP OF THE 7TH
Florida State Seminoles batting - Pitching for Southern California Trojans : RHP Alan Foster
Pitching: LHP Harry Arthur
Batting: RHB Art Cameron 0-0: Ball
1-0: Ball
2-0: Ground out U3 (Groundball, 3L)
Batting: RHB Adam Davis 0-0: Swinging Strike
0-1: Swinging Strike
0-2: Ball
1-2: Ball
2-2: Strikes out looking
Batting: LHB Richard Olvera 0-0: Ball
1-0: Ball
2-0: Called Strike
2-1: Ball
3-1: SOLO HOME RUN (Line Drive, 89XD), Distance : 376 ft
Batting: RHB Rusty Bennett 0-0: Ball
1-0: Called Strike
1-1: Foul Ball, location: 2F
1-2: Foul Ball, location: 2F
1-2: Strikes out swinging
Top of the 7th over - 1 run(s), 1 hit(s), 0 error(s), 0 left on base; Florida State 3 - Southern California 6
BOTTOM OF THE 7TH
Southern California Trojans batting - Pitching for Florida State Seminoles : LHP Sam Olson
Pitching: RHP José Amaya
Batting: RHB Mike Carter 0-0: Ball
1-0: Called Strike
1-1: Called Strike
1-2: Strikes out swinging
Batting: LHB Lee Foster 0-0: Called Strike
0-1: Fly out, F7 (Flyball, 78M)
Batting: RHB Enrico Davis 0-0: Ball
1-0: Fly out, F8 (Flyball, 8RS)
Bottom of the 7th over - 0 run(s), 0 hit(s), 0 error(s), 0 left on base; Florida State 3 - Southern California 6
TOP OF THE 8TH
Florida State Seminoles batting - Pitching for Southern California Trojans : LHP Harry Arthur
Batting: LHB Randy Wiggins 0-0: Foul Ball, location: 2F
0-1: Foul Ball, location: 2F
0-2: Foul Ball, location: 2F
0-2: Ball
1-2: Ball
2-2: Foul Ball, location: 2F
2-2: SINGLE (Groundball, 13S) (infield hit)
Pitching: LHP Darren Russell
Batting: RHB Aaron Duncan 0-0: Ball
1-0: Called Strike
1-1: Ball
2-1: Foul Ball, location: 2F
2-2: SINGLE (Groundball, 56D) (infield hit)
Randy Wiggins to second
Pitching: RHP Curt Cremen
Batting: RHB Rubén Hernández 0-0: Ball
1-0: Called Strike
1-1: Fly out, F4 (Popup, 34D)
Batting: RHB Elliott Bell 0-0: Fly out, F8 (Flyball, 78M)
Batting: RHB Larry Davis 0-0: Ball
1-0: Swinging Strike
1-1: Ball
2-1: Swinging Strike
2-2: Strikes out swinging
Top of the 8th over - 0 run(s), 2 hit(s), 0 error(s), 2 left on base; Florida State 3 - Southern California 6
BOTTOM OF THE 8TH
Southern California Trojans batting - Pitching for Florida State Seminoles : RHP José Amaya
Batting: RHB Gabriel Erwin 0-0: Foul Ball, location: 2F
0-1: Swinging Strike
0-2: Foul Ball, location: 2F
0-2: Ball
1-2: Ball
2-2: DOUBLE (Groundball, 5L)
Batting: LHB Kel Smith 0-0: Intentional Walk
Batting: RHB Ron Davis 0-0: Ball
1-0: Ball
2-0: Ball
3-0: Called Strike
3-1: Base on Balls
Gabriel Erwin to third
Kel Smith to second
Batting: LHB Mike Davis 0-0: Ball
1-0: Ball
2-0: Ball
3-0: Called Strike
3-1: Called Strike
3-2: GRAND SLAM HOME RUN (Flyball, 9D), Distance : 356 ft
Pitching: LHP Mike Edmonds
Batting: RHB Marvin Johnson 0-0: Ball
1-0: Foul Ball, location: 2F
1-1: Ground out 4-3 (Groundball, 4)
Batting: LHB Justin Holland 0-0: Swinging Strike
0-1: Ball
1-1: Foul Ball, location: 2F
1-2: Ball
2-2: Strikes out swinging
Batting: RHB Mike Carter 0-0: Ball
1-0: Called Strike
1-1: SINGLE (Line Drive, 9S)
Batting: LHB Lee Foster 0-0: Foul Ball, location: 2F
0-1: Ball
1-1: Foul Ball, location: 2F
1-2: Strikes out swinging
Bottom of the 8th over - 4 run(s), 3 hit(s), 0 error(s), 1 left on base; Florida State 3 - Southern California 10
TOP OF THE 9TH
Florida State Seminoles batting - Pitching for Southern California Trojans : RHP Curt Cremen
Now in LF: Roberto Barrón
Batting: RHB Art Cameron 0-0: Ball
1-0: Swinging Strike
1-1: Foul Ball, location: 2F
1-2: Fly out, F4 (Popup, 3D)
Batting: RHB Adam Davis 0-0: Ball
1-0: Ball
2-0: Ball
3-0: Called Strike
3-1: Base on Balls
Batting: LHB Richard Olvera 0-0: Ball
1-0: Swinging Strike
1-1: Ball
2-1: Ball
3-1: Foul Ball, location: 2F
3-2: Strikes out looking
Batting: RHB Rusty Bennett 0-0: Called Strike
0-1: Foul Ball, location: 2F
0-2: Strikes out looking
Top of the 9th over - 0 run(s), 0 hit(s), 0 error(s), 1 left on base; Florida State 3 - Southern California 10
This league is powered by Out of the Park Baseball, the baseball management simulation game for PC, Mac and Linux
Tuesday, August 2nd, 2016 - OOTP Baseball 16.8 Build 38